 Dungeon Crawl Stone Soup version 0.28.0 (webtiles) character file.

Game seed: 12466836628047841874

25608 PoweredByGinger the Severer (level 12, -1/102 HPs)
             Began as a Minotaur Fighter on Feb 19, 2022.
             Was a High Priest of Okawaru.
             Slain by a boulder beetle (5 damage)
             ... while petrified by a basilisk
             ... on level 5 of the Lair of Beasts.
             The game lasted 00:32:16 (20846 turns).

PoweredByGinger the Severer (Minotaur Fighter)     Turns: 20846, Time: 00:32:17

Health: -1/102     AC: 17    Str: 25    XL:     12   Next: 91%
Magic:  6/6        EV:  2    Int: 16    God:    Okawaru [*****.]
Gold:   1755       SH:  0    Dex: 18    Spells: 11/11 levels left

rFire   + . .      SeeInvis +   a - +3 war axe (venom)
rCold   + . .      Faith    .   (no shield)
rNeg    + + +      Spirit   .   r - +0 plate armour
rPois   ∞          Reflect  +   (helmet restricted)
rElec   +          Harm     .   (no cloak)
rCorr   .          Rampage  .   q - +1 pair of gloves of Okawaru {rPois Int+5}
Will    .....                   u - +0 pair of boots
Stlth   ..........              Z - amulet "Xanizux" {Reflect Drain rElec rF+ rC+ Dex+4 SH+5}
HPRegen 0.27/turn               k - ring of see invisible
MPRegen 0.10/turn               P - ring of Fuethraa {rPois MP-9 Int+6 Dex+3}

@: petrified, hasted and slowed
A: horns 2, retaliatory headbutt
a: Renounce Religion, Heroism, Finesse, Duel


You were on level 5 of the Lair of Beasts.
You worshipped Okawaru.
Okawaru was extremely pleased with you.
You visited 4 branches of the dungeon, and saw 17 of its levels.
You also visited: Bailey.

You collected 1783 gold pieces.
You spent 28 gold pieces at shops.

Inventory:

Hand Weapons
 a - a +3 war axe of venom (weapon)
 b - a +0 battleaxe of flaming
 j - a +0 broad axe
 T - a +3 battleaxe
Missiles
 f - 91 bolts
 g - 2 throwing nets
 i - 22 boomerangs
 l - 23 poisoned darts (quivered)
 m - 167 arrows
 B - 5 curare-tipped darts
 X - 4 javelins
 Y - 7 silver boomerangs
Armour
 c - a +0 buckler
 q - the +1 pair of gloves of Okawaru (worn) {rPois Int+5}
   (Okawaru gifted it to you on level 3 of the Lair of Beasts)

   Int:       It affects your intelligence (+5).
   rPois:     It protects you from poison.
 r - a +0 plate armour (worn)
 u - a +0 pair of boots (worn)
Jewellery
 k - a ring of see invisible (left hand)
 s - an amulet of the acrobat
 K - a ring of resist corrosion
 P - the ring of Fuethraa (right hand) {rPois MP-9 Int+6 Dex+3}
   (You found it in a bailey)

   [ring of intelligence]

   Int:       It affects your intelligence (+6).
   Dex:       It affects your dexterity (+3).
   rPois:     It protects you from poison.
   MP:        It affects your magic capacity (-9).
 Z - the amulet "Xanizux" (around neck) {Reflect Drain rElec rF+ rC+ Dex+4 SH+5}
   (You found it on level 9 of the Dungeon)

   [amulet of reflection]

   It reflects blocked missile attacks.
   Dex:       It affects your dexterity (+4).
   rF:        It protects you from fire.
   rC:        It protects you from cold.
   rElec:     It insulates you from electricity.
   Drain:     It drains your maximum health when unequipped.
   SH:        It affects your SH (+5).
Wands
 e - a wand of paralysis (17)
 t - a wand of flame (7)
 v - a wand of charming (9)
 I - a wand of polymorph (9)
 R - a wand of iceblast (7)
Scrolls
 n - a scroll of fear
 y - 3 scrolls of holy word {unknown}
 z - 2 scrolls of noise {unknown}
 A - 2 scrolls of torment {unknown}
 C - 2 scrolls of blinking {unknown}
 D - 2 scrolls of vulnerability
 E - 2 scrolls of magic mapping {unknown}
 G - 3 scrolls of fog {unknown}
 H - 2 scrolls of brand weapon {unknown}
 U - a scroll of enchant armour {unknown}
 V - a scroll of summoning
Potions
 d - 3 potions of might
 h - 4 potions of haste
 o - 3 potions of mutation
 p - 2 potions of brilliance
 x - 2 potions of heal wounds
 F - 6 potions of curing
 J - a potion of flight
 N - 2 potions of resistance
 O - a potion of experience
Miscellaneous
 Q - a piece from Xom's chessboard (15/15)


   Skills:
 + Level 8.2 Fighting
 * Level 17.6 Axes
 + Level 8.2 Armour
 - Level 14.9 Shields
 + Level 6.0 Invocations


You had 11 spell levels left.
You didn't know any spells.
Your spell library contained the following spells:

 Spells                   Type           Power      Damage    Failure   Level
 Magic Dart               Conj           0%         1d3       96%         1
 Pain                     Necr           0%         1d4       96%         1
 Shock                    Conj/Air       0%         1d3       96%         1
 Searing Ray              Conj           0%         2d4       99%         2
 Static Discharge         Conj/Air       0%         N/A       99%         2
 Confusing Touch          Hex            0%         N/A       100%        3
 Ignite Poison            Fire/Tmut/Pois 0%         N/A       100%        3
 Dispel Undead            Necr           0%         3d6       100%        4
 Fulminant Prism          Conj/Hex       0%         3d6       100%        4
 Sticky Flame             Conj/Fire      0%         2d3       100%        4
 Agony                    Necr           0%         N/A       100%        5
 Excruciating Wounds      Necr           0%         N/A       100%        5
 Fireball                 Conj/Fire      0%         3d3       100%        5
 Yara's Violent Unravell  Hex/Tmut       0%         3d3       100%        5
 Starburst                Conj/Fire      0%         6d3       100%        6
 Enfeeble                 Hex            0%         N/A       100%        7
 Borgnjor's Revivificati  Necr           0%         N/A       100%        8
 Ignition                 Fire           0%         3d3       100%        8
 Necromutation            Tmut/Necr      0%         N/A       100%        8
 Death's Door             Necr           0%         N/A       100%        9


Dungeon Overview and Level Annotations

Branches:
Dungeon (9/15)             Temple (1/1) D:6            Lair (6/6) D:9
 Shoals (1/4) Lair:4        Snake (0/4) Lair:4        Slime (0/5) Lair:6
 Bailey (visited)
    Orc: D:9-12

Altars:
Ashenzari
Cheibriados
Dithmenos
Fedhas
Gozag
Hepliaklqana
Kikubaaqudgha
Makhleb
Nemelex Xobeh
Okawaru
Qazlal
Ru
Sif Muna
Trog
Uskayaw
Vehumet
Wu Jian
Xom
Yredelemnul
Zin
The Shining One

Shops:
D:4 [   D:5 *   D:6 [*?

Annotations:
D:5 Sigmund
D:8 3 runed translucent doors
Lair:3 10 exclusions


Innate Abilities, Weirdness & Mutations

You have a pair of horns on your head.
You reflexively headbutt those who attack you in melee.


Message History

Being near the torpor snail leaves you feeling lethargic.
The yak bellows!
You hear a bellow!
You hear a trumpeting!
The boulder beetle leaps!
The boulder beetle waves its antennae.
You block the boulder beetle's attack. The basilisk gazes at you.
You are slowing down.
There is a stone staircase leading down here.
Unknown command.
Unknown command.
Unknown command.
As you read the scroll of fear, it crumbles to dust.
You assume a fearsome visage.
The torpor snail looks frightened!
The yak looks frightened! x3; The basilisk resists with some effort.
The boulder beetle seems to regain its courage.
The boulder beetle barely misses you. You furiously retaliate!
You headbutt the boulder beetle, but do no damage.
The boulder beetle bites you!
* * * LOW HITPOINT WARNING * * *
Your limbs are stiffening.
Unknown command.
Unknown command.
The boulder beetle bites you!
* * * LOW HITPOINT WARNING * * *
You have turned to stone.
The boulder beetle bites you.
* * * LOW HITPOINT WARNING * * *
The boulder beetle waves its antennae.
The boulder beetle bites you.
* * * LOW HITPOINT WARNING * * *
The boulder beetle bites you but does no damage. x2
The basilisk bites you. The boulder beetle bites you!
* * * LOW HITPOINT WARNING * * *
The basilisk gazes at you.
The torpor snail seems to regain its courage.
The yak gores you!
* * * LOW HITPOINT WARNING * * *
The boulder beetle bites you!
You die...

##.## ##...##
###.....## ..
#P#.....P## ....#
#......!..##
.....##..........#
.....#..........##
....#............#
....P.........B@#.#
...P..........Yl..#
..................#
#................#
#.....#.#....#...#.#
......##.!........##
##."....#.w.......##
.Y.8..##.....#....
#.....#..8..#....


You could see a boulder beetle, a torpor snail, a yak and a basilisk.

Vanquished Creatures
  Gastronok (Lair:2)
  An orc warlord (Bailey)
  Snorg (Lair:4)
  3 hydras
  A boulder beetle (Lair:6)
  A two-headed ogre (D:9)
  A centaur warrior (D:9)
  2 death yaks
  Pikel (D:9)
  An orc knight (Bailey)
  An ugly thing (D:9)
  A merfolk siren (Lair:4)
  Joseph (D:7)
  4 black mambas
  6 cane toads
  A gargoyle (D:8)
  2 rime drakes
  4 komodo dragons
  A troll (D:8)
  4 polar bears
  16 blink frogs
  4 basilisks
  4 yaks
  3 steam dragons
  3 vampire mosquitoes (D:9)
  13 water moccasins
  2 acid dragons
  A hornet zombie (D:5)
  3 orc warriors
  A sky beast (D:7)
  3 black bears
  4 ogres
  3 necrophages
  3 wolves
  2 centaurs
  4 phantoms
  Blork the orc (D:5)
  2 gnoll sergeants
  2 kobold brigands
  8 bullfrogs
  A wyvern zombie (D:7)
  A water moccasin zombie (D:6)
  A killer bee (D:9)
  3 water moccasin skeletons
  2 howler monkeys (D:9)
  4 wights (D:8)
  2 electric eels (Lair:5)
  3 centaur zombies
  8 jellies
  2 orc priests (D:9)
  A hound (D:4)
  2 iguanas (D:5)
  14 orc wizards
  A killer bee zombie (D:7)
  13 gnolls
  A howler monkey skeleton (D:2)
  4 adders
  2 ufetubi
  2 dart slugs
  19 orcs
  3 bats
  9 endoplasms
  2 giant cockroaches (D:1)
  9 goblins
  7 hobgoblins
  4 jackals (D:5)
  4 quokkas
  8 ball pythons
  A frilled lizard (D:2)
  24 kobolds
  5 rats
282 creatures vanquished.

Vanquished Creatures (others)
  7 fungi
  22 plants
29 creatures vanquished.

Grand Total: 311 creatures vanquished

Notes
Turn   | Place    | Note
-------+----------+-------------------------------------------
     0 | D:1      | PoweredByGinger the Minotaur Fighter began the quest for
                  | the Orb.
     0 | D:1      | Reached XP level 1. HP: 19/19 MP: 0/0
   339 | D:1      | Reached XP level 2. HP: 26/26 MP: 1/1
   340 | D:1      | Reached skill level 3 in Axes
   881 | D:1      | Found a faded altar of an unknown god.
   940 | D:2      | Reached XP level 3. HP: 30/31 MP: 2/2
  1686 | D:3      | Reached skill level 4 in Axes
  1918 | D:3      | Reached XP level 4. HP: 37/39 MP: 3/3
  1919 | D:3      | Reached skill level 5 in Shields
  1959 | D:3      | Found an ornate altar of the Wu Jian Council.
  1986 | D:3      | Identified the +1 ring mail of Farph {rPois rCorr}
  2216 | D:3      | Found a snail-covered altar of Cheibriados.
  2216 | D:3      | Found an iron altar of Okawaru.
  2274 | D:4      | Reached XP level 5. HP: 45/45 MP: 4/4
  2286 | D:4      | Found a shadowy altar of Dithmenos.
  2460 | D:4      | Reached skill level 5 in Axes
  2516 | D:4      | Found Naipogov's Antique Armour Emporium.
  2698 | D:4      | Noticed a phantom
  2719 | D:4      | Killed a phantom
  3251 | D:5      | Entered Level 5 of the Dungeon
  3262 | D:5      | Noticed an acid dragon
  3359 | D:5      | Noticed a black bear
  3366 | D:5      | Killed a black bear
  3367 | D:5      | Reached skill level 6 in Axes
  3367 | D:5      | Reached XP level 6. HP: 47/51 MP: 5/5
  3902 | D:5      | Reached XP level 7. HP: 5/57 MP: 6/6
  4014 | D:5      | Reached skill level 7 in Axes
  4255 | D:5      | Noticed Blork the orc
  4579 | D:5      | Found Lohosui's Neck Hole.
  5040 | D:5      | Killed Blork the orc
  5219 | D:5      | Reached skill level 8 in Axes
  5287 | D:5      | Reached XP level 8. HP: 29/64 MP: 7/7
  5547 | D:5      | Noticed Sigmund
  5925 | D:6      | Found Mampux's Armour Boutique.
  5925 | D:6      | Found Niawkeont's Assorted Antiques.
  5934 | D:6      | Found Bygud's Magic Scroll Shoppe.
  6045 | D:6      | Reached skill level 9 in Axes
  6445 | D:6      | Bought a scroll of identify for 28 gold pieces
  6564 | D:6      | Reached skill level 10 in Shields
  6830 | D:6      | Reached skill level 10 in Axes
  7127 | D:6      | Found a staircase to the Ecumenical Temple.
  7236 | Temple   | Entered the Ecumenical Temple
  7573 | D:3      | Became a worshipper of Warmaster Okawaru
  7614 | D:5      | Reached XP level 9. HP: 33/70 MP: 8/8
  8395 | D:7      | Reached skill level 11 in Axes
  8408 | D:7      | Reached * piety under Okawaru
  8426 | D:7      | Found a flagged portal.
  8441 | Bailey   | Entered a bailey
  8454 | Bailey   | Noticed an orc warlord
  8726 | Bailey   | Found a runed translucent gate.
  8729 | Bailey   | Found a runed translucent gate.
  8731 | Bailey   | Found a runed translucent gate.
  8732 | Bailey   | Noticed an orc knight
  8759 | Bailey   | Killed an orc knight
  9091 | Bailey   | Killed an orc warlord
  9091 | Bailey   | Reached ** piety under Okawaru
  9092 | Bailey   | Reached skill level 12 in Axes
  9092 | Bailey   | Reached XP level 10. HP: 77/77 MP: 9/9
  9172 | Bailey   | Identified the ring of Fuethraa {rPois MP-9 Int+6 Dex+3}
  9298 | D:7      | Noticed Joseph
  9301 | D:7      | Paralysed by Joseph for 7 turns
  9771 | D:7      | Paralysed by Joseph for 3 turns
  9791 | D:7      | Killed Joseph
  9905 | D:8      | Noticed a gargoyle
  9915 | D:8      | Killed a gargoyle
  9915 | D:8      | Reached *** piety under Okawaru
 10103 | D:8      | Reached skill level 13 in Axes
 10938 | D:8      | Found a runed translucent gate.
 10938 | D:8      | Found a runed translucent gate.
 10938 | D:8      | Found a runed translucent gate.
 10940 | D:8      | Noticed a purple ugly thing
 10940 | D:8      | Noticed a white ugly thing
 10945 | D:8      | Noticed a brown ugly thing
 10945 | D:8      | Noticed a cyan ugly thing
 10946 | D:8      | Noticed a red ugly thing
 10958 | D:8      | Found a bloodstained altar of Trog.
 11212 | D:9      | Found a staircase to the Lair.
 11218 | Lair:1   | Entered Level 1 of the Lair of Beasts
 11646 | D:9      | Noticed a red ugly thing
 12045 | D:9      | Noticed a two-headed ogre
 12053 | D:9      | Killed a two-headed ogre
 12053 | D:9      | Reached **** piety under Okawaru
 12054 | D:9      | Reached skill level 14 in Axes
 12336 | D:9      | Received a gift from Okawaru
 12390 | D:9      | Noticed Pikel
 12420 | D:9      | Killed Pikel
 12421 | D:9      | Reached XP level 11. HP: 82/82 MP: 1/10
 12876 | D:9      | Noticed a centaur warrior
 12887 | D:9      | Killed a centaur warrior
 13250 | D:9      | Got Adghutsyi's Almanac of Flight and the Blaze
 13279 | D:9      | Identified the amulet "Xanizux" {Reflect Drain rElec rF+
                  | rC+ Dex+4 SH+5}
 13329 | D:9      | Killed a red ugly thing
 13608 | Lair:1   | Reached ***** piety under Okawaru
 13807 | Lair:1   | Reached skill level 1 in Invocations
 13821 | Lair:1   | Reached skill level 15 in Axes
 14116 | Lair:1   | Noticed a four-headed hydra
 14123 | Lair:1   | Killed a two-headed hydra
 15563 | Lair:2   | Reached skill level 5 in Fighting
 15563 | Lair:2   | Reached skill level 5 in Armour
 15566 | Lair:2   | Noticed Gastronok
 15794 | Lair:2   | Killed Gastronok
 16061 | Lair:3   | Identified the +1 pair of gloves of Okawaru {rPois Int+5}
                  | (Okawaru gifted it to you on level 3 of the Lair of Beasts)
 16061 | Lair:3   | Received a gift from Okawaru
 16131 | Lair:3   | Reached skill level 16 in Axes
 16470 | Lair:3   | Reached XP level 12. HP: 75/96 MP: 4/13
 17422 | Lair:4   | Noticed a death yak
 17422 | Lair:4   | Noticed a death yak
 17422 | Lair:4   | Noticed a death yak
 17422 | Lair:4   | Noticed a death yak
 17488 | Lair:4   | Identified a scroll of acquirement
 17493 | Lair:4   | Acquired 1055 gold pieces
 17738 | Lair:4   | Noticed a death yak
 17761 | Lair:3   | Killed a death yak
 17981 | Lair:4   | Noticed Snorg
 17990 | Lair:4   | Killed Snorg
 18088 | Lair:4   | Found a staircase to the Snake Pit.
 18449 | Lair:4   | Killed a death yak
 18765 | Lair:4   | Found a staircase to the Shoals.
 18775 | Shoals:1 | Entered Level 1 of the Shoals
 19483 | Lair:5   | You fall into a shaft and drop 1 floor!
 19483 | Lair:6   | Entered Level 6 of the Lair of Beasts
 19490 | Lair:6   | Reached skill level 5 in Invocations
 19491 | Lair:6   | Noticed a boulder beetle
 19496 | Lair:6   | Found a staircase to the Slime Pits.
 19509 | Lair:6   | Killed a boulder beetle
 19513 | Lair:6   | Reached skill level 17 in Axes
 19738 | Lair:6   | Received a gift from Okawaru
 20571 | Lair:6   | Noticed an eight-headed hydra
 20592 | Lair:6   | Killed a five-headed hydra
 20790 | Lair:6   | Noticed a six-headed hydra
 20797 | Lair:6   | Killed a two-headed hydra
 20809 | Lair:5   | Noticed a five-headed hydra
 20815 | Lair:5   | Noticed a seven-headed hydra
 20827 | Lair:5   | Noticed a boulder beetle
 20846 | Lair:5   | HP: 4/102 [yak[a torpor snail] (4)]
 20846 | Lair:5   | Slain by a boulder beetle

Illustrated notes

Levels and vault maps discovered:
D:1:      co_arrival_square_in_a_square_in_a_square, layout_rooms,
          dilly_ecumenical_altar_fadedgnrine, minmay_misc_feat_square
D:2:      wad_lake_hut, layout_basic, mrwooster_statue_mirror,
          hangedman_feature_mirror, minmay_misc_feat_ornament
D:3:      layout_rooms, nzn_wu_jian_contemplation,
          gammafunk_temple_overflow_pools, minmay_misc_feat_more_columns
D:4:      layout_gridville, old_standard_altar, hangedman_decor_peaks_small,
          nicolae_stop_n_shop_2
D:5:      layout_basic, nicolae_shop_sticking_my_neck_out, uniq_sigmund,
          uniq_blork_the_orc
D:6:      layout_cave_pools, lemuel_temple_firewalk_b, serial_shops,
          nicolae_shop_trees, shop_fountains, shop_fountains
D:7:      layout_basic, enter_bailey_2, due_unseen_surprise, uniq_joseph
D:8:      layout_loops_ring, trog_ov_bears_minmay,
          ploomutoo_gammafunk_ghost_potion_laboratory, serial_bayou_lagoon_a,
          minmay_misc_feat_cross
D:9:      layout_irregular_city, lair_entry_dummy, minmay_the_grid_2x2
          [minmay_the_grid_holed_spiral, minmay_the_grid_pillar_ring,
          minmay_the_grid_eight, minmay_the_grid_prize_trominoes], uniq_pikel
Temple:   eino_temple_scatter_basement
Lair:1:   layout_layer_cave, infiniplex_staircase_pool_2, grunt_megastairs_4,
          lemuel_fruit_tree
Lair:2:   statuecave_lemuel, layout_gridlike, uniq_gastronok
Lair:3:   layout_regular_city, grunt_megastairs_5, infiniplex_staircase_pool
Lair:4:   layout_gridlike, minmay_shoals_entry_lonely_mermaid,
          dummy_snake_entry, grunt_megastairs_2, uniq_snorg
Lair:5:   layout_cave_pods, serial_bayou_lagoon_b, serial_bayou_shore_b,
          grunt_megastairs_3
Lair:6:   cheibrodos_lair_end_hotspot, layout_cave_pods,
          nicolae_slime_entry_slimehenge, special_room
          [special_room_mythical_zoo]
Shoals:1: layout_shoals, ebering_ghost_gozag

Skill      XL: |  1  2  3  4  5  6  7  8  9 10 11 12 |
---------------+-------------------------------------+-----
Shields        | 4 5 6 7 8 10 12 14 | 14.9
Axes           | 3 4 6 8 10 12 14 16 17 | 17.6
Armour         | 6 8 |  8.2
Fighting       | 6 8 |  8.2
Invocations    | 3 6 |  6.0

Action                   |  1- 3 |  4- 6 |  7- 9 | 10-12 || total
-------------------------+-------+-------+-------+-------++-------
Melee: War axe           |    88 |   103 |   222 |   488 ||   901
       Headbutt          |     5 |    12 |    34 |   115 ||   166
       Battleaxe         |       |       |       |    39 ||    39
       Punch             |       |       |       |     6 ||     6
Throw: Dart              |       |       |    12 |    22 ||    34
Invok: Heroism           |       |       |     1 |     1 ||     2
       Finesse           |       |       |       |     1 ||     1
Evoke: Wand              |       |       |       |    10 ||    10
       Piece from Xom's  |       |       |       |     3 ||     3
  Use: Potion            |       |     3 |     4 |     6 ||    13
       Scroll            |       |       |     3 |    14 ||    17
Armor: Scale mail        |    25 |     2 |       |       ||    27
       Plate armour      |       |    45 |   109 |   252 ||   406
       Skin              |       |    11 |    14 |       ||    25
Dodge: Dodged            |    43 |    19 |    56 |   133 ||   251
Block: Buckler           |    18 |    35 |    62 |    56 ||   171
       Other             |       |       |       |    64 ||    64
